 Dungeon Crawl Stone Soup version 0.27.1-33-g824d729ab1 (webtiles) character file.

Game seed: 14538615360819376119

3521 pkoi the Grappler (level 9, -4/67 HPs)
             Began as a Purple Draconian Gladiator on Dec 20, 2021.
             Was a Priest of Okawaru.
             Killed by divine providence
             ... invoked by an orc priest
              (10 damage)
             ... on level 9 of the Dungeon.
             The game lasted 00:14:17 (11939 turns).

pkoi the Grappler (Purple Draconian Gladiator)     Turns: 11939, Time: 00:14:17

Health: -4/67      AC: 15    Str: 16    XL:     9   Next: 81%
Magic:  0/15       EV: 14    Int: 12    God:    Okawaru [***...]
Gold:   386        SH:  0    Dex: 13    Spells: 9/16 levels left

rFire    . . .     SeeInvis .     - Unarmed
rCold    . . .     Faith    .   (no shield)
rNeg     . . .     Spirit   +   (armour unavailable)
rPois    .         Reflect  .   a - +0 hat
rElec    .         Harm     .   (no cloak)
rCorr    .         Rampage  .   (no gloves)
Will     +....                  (no boots)
Stlth    +.........             p - amulet of guardian spirit
HPRegen  0.21/turn              u - +4 ring of protection
MPRegen  0.14/turn              q - +4 ring of protection

@: no status effects
A: breathe power, AC +7, unfitting armour, cold-blooded
a: Breathe Dispelling Energy, Renounce Religion, Heroism


You were on level 9 of the Dungeon.
You worshipped Okawaru.
Okawaru was most pleased with you.
You visited 2 branches of the dungeon, and saw 10 of its levels.

You collected 386 gold pieces.

Inventory:

Hand Weapons
 m - a +2 dagger of distortion
Missiles
 b - 4 throwing nets (quivered)
 c - 45 poisoned darts
 x - 6 boomerangs
Armour
 a - a +0 hat (worn)
 B - a +0 cloak
Jewellery
 k - a ring of protection from fire
 l - a +6 ring of intelligence
 p - an amulet of guardian spirit (around neck)
 q - a +4 ring of protection (right hand)
 u - a +4 ring of protection (left hand)
Wands
 y - a wand of flame (16)
Scrolls
 d - a scroll of torment
 g - 2 scrolls of fear
 i - 3 scrolls of magic mapping
 j - 6 scrolls of teleportation
 n - a scroll of enchant armour {unknown}
 s - a scroll of identify
 v - 2 scrolls of fog
Potions
 e - 2 potions of invisibility {unknown}
 f - a potion of resistance
 h - 6 potions of lignification {unknown}
 o - a potion of ambrosia
 r - a potion of haste {unknown}
 w - a potion of curing
 A - 2 potions of berserk rage {unknown}
 C - a potion of heal wounds {unknown}


   Skills:
 - Level 2.1 Fighting
 - Level 1.7 Throwing
 + Level 5.8 Dodging
 * Level 10.5 Unarmed Combat
 - Level 4.4 Spellcasting
 - Level 2.4 Translocations
 + Level 3.1 Transmutations
 + Level 3.1 Air Magic
 - Level 4.0 Invocations


You had 9 spell levels left.
You knew the following spells:

 Your Spells              Type           Power      Damage    Failure   Level
a - Passwall              Tmut/Erth      5%         N/A       17%         2
b - Blink                 Tloc           N/A        N/A       12%         2
c - Swiftness             Air            10%        N/A       19%         3

Your spell library contained the following spells:

 Spells                   Type           Power      Damage    Failure   Level
 Sting                    Tmut/Pois      24%        1d4       11%         1
 Poisonous Vapours        Pois/Air       12%        N/A       17%         2
 Olgreb's Toxic Radiance  Pois           2%         N/A       91%         4
 Manifold Assault         Tloc           8%         N/A       91%         5
 Invisibility             Hex            1%         N/A       100%        6
 Storm Form               Tmut/Air       5%         N/A       100%        7


Dungeon Overview and Level Annotations

Branches:
Dungeon (9/15)             Temple (1/1) D:5             Orc (0/2) D:9
   Lair: D:8-11

Altars:
Ashenzari
Cheibriados
Dithmenos
Elyvilon
Fedhas
Gozag
Hepliaklqana
Kikubaaqudgha
Makhleb
Nemelex Xobeh
Okawaru
Qazlal
Ru
Sif Muna
Trog
Uskayaw
Vehumet
Wu Jian
Xom
Yredelemnul
Zin
The Shining One

Shops:
D:2 =

Annotations:
D:4 Natasha


Innate Abilities, Weirdness & Mutations

You can breathe bolts of dispelling energy.
Your rich purple scales are hard. (AC +7)
You cannot fit into any form of body armour.
You are cold-blooded and may be slowed by cold attacks.


Message History

The orc warrior is moderately wounded.
The orc warrior misses you.
You hit the orc warrior but do no damage.
The orc warrior is moderately wounded.
You closely miss the orc warrior.
The orc warrior is moderately wounded.
The orc warrior hits you with a +0 war axe!
* * * LOW HITPOINT WARNING * * *
You hit the orc warrior. You tail-slap the orc warrior.
The orc warrior is heavily wounded.
The orc warrior misses you.
You punch the orc warrior!
The orc warrior is severely wounded.
You punch the orc warrior! You tail-slap the orc warrior.
You kill the orc warrior!
Okawaru accepts your kill.
You pummel the orc!!
You kill the orc!
Okawaru accepts your kill.
You feel like a meek peon again.
The orc warrior hits you from afar with a +0 halberd!
* * * LOW HITPOINT WARNING * * *
The orc priest closely misses you.
Items here: ))) [ ††.
Unknown command.
The orc priest begins to cast a cantrip, but forgets the words!
Things that are here:
a +0 dagger; a +0 robe; a wyvern corpse
Things that are here:
a +0 trident; an orc corpse The orc priest invokes the aid of Beogh against you.
Beogh smites you!
* * * LOW HITPOINT WARNING * * *
The orc priest calls down the wrath of Beogh upon you.
Beogh smites you!
* * * LOW HITPOINT WARNING * * *
You see here a +0 chain mail.
The orc priest invokes the aid of Beogh against you.
Beogh smites you!
You die...

#.# #.# #o# #.# #.# #o#
#.#
#o#######################
#....o.[@................
#########################


You could see an orc warrior and an orc priest.

Vanquished Creatures
  A troll (D:8)
  Grinder (D:4)
  Sigmund (D:4)
  2 wyverns
  Eustachio (D:5)
  3 steam dragons
  An orc warrior (D:9)
  A hornet zombie (D:6)
  3 necrophages
  3 ogres (D:6)
  A kobold brigand (D:8)
  A bullfrog (D:8)
  3 scorpions
  4 killer bees (D:8)
  A bullfrog zombie (D:3)
  3 orc priests
  A centaur skeleton (D:7)
  4 jellies
  A gnoll shaman (D:5)
  5 orc wizards
  7 iguanas
  11 adders
  10 gnolls
  2 white imps (D:6)
  3 worms
  An adder skeleton (D:4)
  2 dart slugs
  31 orcs
  8 ball pythons
  5 bats
  18 endoplasms
  2 giant cockroaches
  8 goblins
  11 hobgoblins
  10 jackals
  20 kobolds
  6 quokkas
  2 frilled lizards
  6 rats
204 creatures vanquished.

Vanquished Creatures (others)
  An orc priest (D:7)
  A gnoll (D:8)
  3 orcs
  8 fungi (D:3)
  20 plants (D:8)
  9 toadstools (D:3)
42 creatures vanquished.

Grand Total: 246 creatures vanquished

Notes
Turn   | Place    | Note
-------+----------+-------------------------------------------
     0 | D:1      | pkoi the Draconian Gladiator began the quest for the Orb.
     0 | D:1      | Reached XP level 1. HP: 17/17 MP: 1/1
   337 | D:1      | Reached XP level 2. HP: 21/24 MP: 2/2
   466 | D:1      | Reached skill level 4 in Unarmed Combat
  1052 | D:1      | Reached XP level 3. HP: 24/29 MP: 3/3
  1179 | D:1      | Found a faded altar of an unknown god.
  1681 | D:2      | Found Unioh's Jewellery Emporium.
  1982 | D:2      | Reached skill level 5 in Unarmed Combat
  1982 | D:2      | Reached XP level 4. HP: 25/36 MP: 4/4
  2533 | D:3      | Reached XP level 5. HP: 6/41 MP: 5/5
  2877 | D:3      | Reached skill level 6 in Unarmed Combat
  3123 | D:3      | Noticed a necrophage
  3137 | D:3      | Killed a necrophage
  3138 | D:3      | Reached XP level 6. HP: 30/48 MP: 6/6
  3382 | D:3      | Learned a level 2 spell: Passwall
  3665 | D:3      | Reached skill level 7 in Unarmed Combat
  4394 | D:2      | Learned a level 2 spell: Blink
  4409 | D:3      | Found a burning altar of Makhleb.
  4986 | D:3      | Reached skill level 1 in Translocations
  5064 | D:4      | Noticed Sigmund
  5071 | D:4      | Killed Sigmund
  5072 | D:4      | Reached skill level 1 in Spellcasting
  5072 | D:4      | Your scales start taking on a rich purple colour.
  5072 | D:4      | Reached XP level 7. HP: 51/55 MP: 9/9
  5216 | D:4      | Learned a level 3 spell: Swiftness
  5219 | D:4      | Noticed Grinder
  5279 | D:4      | Found a bloodstained altar of Trog.
  5279 | D:4      | Found a shimmering blue altar of Sif Muna.
  5379 | D:4      | Found a white marble altar of Elyvilon.
  5381 | D:4      | Found an iron altar of Okawaru.
  5383 | D:4      | Found an ancient bone altar of Kikubaaqudgha.
  5400 | D:4      | Became a worshipper of Warmaster Okawaru
  5416 | D:4      | Paralysed by Grinder for 6 turns
  5425 | D:4      | Killed Grinder
  5426 | D:4      | Reached skill level 8 in Unarmed Combat
  5426 | D:4      | Reached skill level 1 in Invocations
  5942 | D:4      | Noticed Natasha
  6303 | D:5      | Entered Level 5 of the Dungeon
  6326 | D:5      | Found a staircase to the Ecumenical Temple.
  6593 | D:5      | You fall into a shaft and drop 3 floors!
  6639 | D:8      | Reached XP level 8. HP: 55/61 MP: 9/12
  6969 | D:6      | Reached * piety under Okawaru
  7326 | D:5      | Noticed Eustachio
  7356 | D:5      | Killed Eustachio
  7357 | D:5      | Reached skill level 9 in Unarmed Combat
  8026 | Temple   | Entered the Ecumenical Temple
  8797 | D:7      | Reached ** piety under Okawaru
  8798 | D:7      | Reached XP level 9. HP: 67/67 MP: 15/15
  9034 | D:7      | Reached skill level 5 in Dodging
  9576 | D:7      | Reached skill level 1 in Transmutations
  9576 | D:7      | Reached skill level 1 in Air Magic
 10500 | D:8      | Noticed a troll
 10514 | D:8      | Killed a troll
 10515 | D:8      | Reached skill level 10 in Unarmed Combat
 10676 | D:8      | Noticed a four-headed hydra
 11056 | D:8      | Found the +2 robe of Vines {NoPotionHeal Regen+++}
 11393 | D:9      | Found a staircase to the Orcish Mines.
 11892 | D:9      | Reached *** piety under Okawaru
 11939 | D:9      | Killed from afar by an orc priest

Illustrated notes

Levels and vault maps discovered:
D:1:      lightli_arrival_isolated_outpost, layout_loops_corners,
          dreamdust_ecumenical_altar_grove, roderic_lattice_a,
          minmay_misc_feat_pillars, minmay_tetromino_s2
D:2:      kennysheep_six_static_rooms, layout_rooms, serial_shops, shop,
          minmay_3d_cube
D:3:      cheibrodos_fertilizer, layout_loops_ring, lemuel_round_altar,
          grunt_decor_clamped, kennysheep_big_empty_room, st_stairs_5
D:4:      layout_loops_cross, chequers_temple_overflow_minitemple,
          serial_rivers, chequers_serial_rivers_large_b,
          chequers_serial_rivers_large_a, chequers_serial_rivers_micro_d,
          chequers_serial_rivers_small_a, chequers_serial_rivers_micro_c,
          minmay_door_square, uniq_grinder, uniq_sigmund, uniq_natasha
D:5:      layout_basic, minmay_temple_entry_hall, minmay_misc_feat_encased,
          minmay_misc_feat_four_crosses, uniq_eustachio
D:6:      layout_cave_pools, kennysheep_generic_room_6
D:7:      layout_layer_cave, kennysheep_boxes
D:8:      layout_loops_corners, hellmonk_guarded_unrand_vines
D:9:      layout_basic, erik_orc_4, ebering_ghost_xom, uniq_maggie
Temple:   kb_temple_of_zot

Skill      XL: |  1  2  3  4  5  6  7  8  9 |
---------------+----------------------------+-----
Unarmed Combat | 4 5 6 7 8 9 10 | 10.5
Dodging        | 3 4 5 |  5.8
Translocations | 1 2 |  2.4
Spellcasting   | 1 2 4 |  4.4
Invocations    | 1 3 4 |  4.0
Transmutations | 3 |  3.1
Air Magic      | 3 |  3.1
Fighting       | |  2.1
Throwing       | |  1.7

Action                   |  1- 3 |  4- 6 |  7- 9 || total
-------------------------+-------+-------+-------++-------
Melee: Unarmed           |   155 |   204 |   401 ||   760
       Tailslap          |    13 |    28 |    51 ||    92
       Punch             |     3 |     5 |    12 ||    20
Invok: Heroism           |       |       |     7 ||     7
 Abil: Breathe Dispellin |       |       |     2 ||     2
Evoke: Wand              |       |     5 |    10 ||    15
  Use: Scroll            |       |       |    16 ||    16
       Potion            |       |       |     1 ||     1
 Stab: Sleeping          |     2 |     1 |       ||     3
Armor: Skin              |    49 |    52 |   176 ||   277
Dodge: Dodged            |   105 |   105 |   244 ||   454
